 Dungeon Sprint DCSS version 0.31-a0-204-g7da18cac08 (webtiles) character file.

Game seed: 8991290498122754904

14819 rocky1 the Executioner (level 11, -7/112 HPs)
             Began as a Minotaur Fighter on June 28, 2023.
             Was the Champion of Cheibriados.
             Mangled by a stone giant (14 damage)
             ... in the Dungeon (Sprint V: "Ziggurat Sprint").
             The game lasted 00:11:33 (2519 turns).

rocky1 the Executioner (Minotaur Fighter)           Turns: 2519, Time: 00:11:33

Health: -7/112     AC: 27    Str: 53    XL:     11   Next: 93%
Magic:  19/19      EV:  9    Int: 20    God:    Cheibriados [******]
Gold:   0          SH: 18    Dex: 24    Spells: 10/10 levels left

rFire   + . .        C - +16 obsidian axe {drain, demonic, Mesm Drain Fly SInv}
rCold   + . .        E - +3 kite shield
rNeg    . . .        K - +5 gold dragon scales
rPois   +            (helmet restricted)
rElec   .            (no cloak)
rCorr   .            (no gloves)
SInv    +            S - +1 pair of boots {Fly}
Will    .....        O - dreamdust necklace {Acrobat} Stlth
                     z - +6 ring of strength
HPRegen 0.38/turn    A - +6 ring of strength
MPRegen 0.16/turn

%: no teleportation, acrobat
@: flying, mesmerised, very slow
A: horns 2, retaliatory headbutt
a: Renounce Religion, Bend Time, Temporal Distortion, Slouch, Step From Time


You were in the Dungeon.
You worshipped Cheibriados.
Cheibriados was exalted by your worship.
You visited 1 branch

Inventory:

Hand Weapons
 B - the +8 lance "Wyrmbane" {slay drac, rPois rF+ rC+ AC+3}
   (You found it in the Dungeon)

   AC:        It affects your AC (+3).
   rF:        It protects you from fire.
   rC:        It protects you from cold.
   rPois:     It protects you from poison.
 C - the +16 obsidian axe (weapon) {drain, demonic, Mesm Drain Fly SInv}
   (You found it in the Dungeon)

   Mesm:      Its wielder is mesmerised by any visible foes, and it cannot be
   unequipped while any foes are visible.
   SInv:      It lets you see invisible.
   Fly:       It grants you flight.
   Drain:     It drains your maximum health when unequipped.
Armour
 E - a +3 kite shield (worn)
 H - a +3 tower shield
 I - a +5 crystal plate armour
 K - +5 gold dragon scales (worn)
 S - a +1 pair of boots of flying (worn)
Jewellery
 b - the ring of Jem Xeoc {*Slow Fly MP+9 Dex+2}
   (You found it in the Dungeon)

   [ring of magical power]

   Dex:       It affects your dexterity (+2).
   MP:        It affects your magic capacity (+9).
   Fly:       It grants you flight.
   *Slow:     It may slow you when you take damage.
 q - a ring of resist corrosion
 u - an amulet of magic regeneration
 z - a +6 ring of strength (left hand)
 A - a +6 ring of strength (right hand)
 O - the dreamdust necklace (around neck) {Acrobat}
   (You found it in the Dungeon)

   [amulet of the acrobat]

   It increases your evasion while moving and waiting.
Wands
 a - a wand of digging (3)
 n - a wand of flame (30)
 s - a wand of mindburst (19)
 t - a wand of quicksilver (7)
 Q - a wand of polymorph (7)
 R - a wand of charming (20)
Scrolls
 c - 4 scrolls of enchant armour
 g - a scroll of brand weapon
 j - 3 scrolls of blinking
 o - 4 scrolls of amnesia
 p - 7 scrolls of fog
 r - 2 scrolls of fear
Potions
 d - 5 potions of might
 e - 10 potions of curing
 f - 8 potions of heal wounds
 h - 7 potions of magic
 i - a potion of berserk rage
 k - 2 potions of brilliance
 l - 2 potions of invisibility
 m - 4 potions of resistance


   Skills:
 + Level 15.1 Fighting
 * Level 21.6 Axes
 + Level 15.1 Armour
 * Level 1.6 Dodging
 - Level 1.4 Stealth
 + Level 15.0 Shields
 * Level 12.1 Invocations


You had 10 spell levels left.
You didn't know any spells.
Your spell library contained the following spells:

 Spells                   Type           Power      Damage    Failure   Level
 Cigotuvi's Dreadful Rot  Necr/Pois/Air  0%         N/A       87%         2
 Ignite Poison            Fire/Tmut/Pois 0%         N/A       98%         3
 Vhi's Electric Charge    Tloc/Air       0%         N/A       98%         3
 Cause Fear               Hex            0%         N/A       100%        4
 Manifold Assault         Tloc           0%         N/A       100%        4
 Olgreb's Toxic Radiance  Pois           0%         N/A       100%        4
 Petrify                  Tmut/Erth      0%         N/A       100%        4
 Arcjolt                  Conj/Air       0%         1d10      100%        5
 Freezing Cloud           Conj/Ice/Air   0%         6-21      100%        5
 Dispersal                Tloc           0%         N/A       100%        6
 Eringya's Noxious Bog    Tmut/Pois      0%         N/A       100%        6
 Dragon Form              Tmut           0%         N/A       100%        7
 Malign Gateway           Summ/Tloc      0%         N/A       100%        7
 Summon Hydra             Summ           0%         N/A       100%        7
 Disjunction              Tloc           0%         N/A       100%        8
 Maxwell's Capacitive Co  Air            0%         ∞         100%        8
 Dragon's Call            Summ           0%         N/A       100%        9


Dungeon Overview and Level Annotations

Branches:
Dungeon (1/1)

Altars:
Ashenzari
Cheibriados
Dithmenos
Elyvilon
Fedhas
Gozag
Hepliaklqana
Kikubaaqudgha
Makhleb
Nemelex Xobeh
Okawaru
Qazlal
Ru
Sif Muna
Trog
Uskayaw
Vehumet
Wu Jian
Xom
Yredelemnul
Zin
The Shining One
Jiyva
Lugonu

Annotations:
D 1 transporter


Innate Abilities, Weirdness & Mutations

You have a pair of horns on your head.
You reflexively headbutt those who attack you in melee.


Message History

You hit the yaktaur captain. You drain the yaktaur captain.
You open a gate to Pandemonium!
A demon appears!
It doesn't seem very happy.
The yaktaur captain is severely wounded.
You hit the stone giant but do no damage.
You drain the stone giant. You slash the yaktaur! You slice the stone giant!!
You drain the stone giant!
You hit the stone giant but do no damage.
You slash the yaktaur captain! You slice the yaktaur!! You drain the yaktaur!
You kill the yaktaur!
Cheibriados thoroughly appreciates the change of pace.
You slice the cyclops!!
You kill the cyclops!
Cheibriados appreciates the change of pace.
The centaur shoots an arrow.
You block the arrow. The stone giant hits you!!
Your necklace shatters, unleashing a wave of protective dreams!
You dream of life, friendship, and clouds.
You block the stone giant's attack.
The yaktaur captain hits you but does no damage.
You block the stone giant's attack.
The yaktaur unwields a +0 arbalest.
The yaktaur closely misses you.
The yaktaur captain hits you but does no damage.
The centaur closely misses you. You furiously retaliate!
You headbutt the centaur! The centaur barely misses you.
Your Dodging skill increases to level 1!
Your Shields skill increases to level 15!
Unknown command.
Unknown command.
Unknown command.
You feel much better.
Visions of slaying the yaktaur captain flood into your mind.
The centaur shoots an arrow.
The arrow barely misses you.
The arrow hits the stone giant but does no damage.
You block the stone giant's attack. You block the centaur's attack.
The centaur kicks you. The stone giant hits you!!
* * * LOW HITPOINT WARNING * * *
The yaktaur captain hits you!
* * * LOW HITPOINT WARNING * * *
The stone giant hits you!
You die...

▓...).)... ▓..)).....
▓.▓.)...▓. ▓....©....
▓▓▓▓▓▓▓▓▓▓▓▓▓▓▓▓▓▓▓▓▓▓
▓...8©8...▓...8©8...▓.
▓..§§:g:..▓...)[.|..▓.
▓..lccc§..▓...)..|..▓.
▓..gC@§c..▓.........▓.
▓..§CcC§..▓.........▓.
▓..g§§4§..▓.....)...▓.
▓.........▓...)))...▓.
▓..▓...▓..▓...).)...▓.
▓.▓.....▓.▓.▓.)...▓.▓.
▓....©....▓....©....▓▓
▓▓▓▓▓▓▓▓▓▓▓▓▓▓▓▓▓▓▓▓▓


You could see 3 stone giants, 2 yaktaur captains, a yaktaur (ally target), a red
devil (summoned), 2 centaurs, a friendly gnoll (summoned), 2 friendly goblins
and a friendly frilled lizard (summoned).

Vanquished Creatures
  2 stone giants (D)
  6 vault guards (D)
  A two-headed ogre (D)
  A thrashing horror (D)
  A wretched star (D)
  2 cyclopes (D)
  A draconian (D)
  2 yaktaurs (D)
  4 wind drakes (D)
  5 merfolk (D)
  A hornet (D)
  2 spriggans (D)
  A fire elemental (D)
  A water moccasin (D)
  An orc warrior (D)
  A black bear (D)
  An ogre (D)
  4 centaurs (D)
  A quasit (D)
  3 orc priests (D)
  An orc wizard (D)
  An adder (D)
  A shadow imp (D)
  An ufetubus (D)
  2 orcs (D)
  A bat skeleton (D)
  A bat zombie (D)
  3 ball pythons (D)
  A fire vortex (D)
53 creatures vanquished.

Vanquished Creatures (collateral kills)
  A red draconian (D)
  A vault guard (D)
  2 draconians (D)
  A wind drake (D)
  3 merfolk (D)
  2 spriggans (D)
  A hell hound (D)
  A black bear (D)
  A wight (D)
  A crimson imp (D)
  An adder skeleton (D)
15 creatures vanquished.

Grand Total: 68 creatures vanquished

Notes
Turn   | Place    | Note
-------+----------+-------------------------------------------
     0 | D        | rocky1 the Minotaur Fighter began the quest for the Orb.
     0 | D        | Reached XP level 1. HP: 19/19 MP: 0/0
     0 | D        | Found a shimmering blue altar of Sif Muna.
     0 | D        | Found a bloodstained altar of Trog.
     0 | D        | Found a sacrificial altar of Ru.
     0 | D        | Found a stormy altar of Qazlal.
     0 | D        | Found an iron altar of Okawaru.
     1 | D        | Found a sparkling altar of Nemelex Xobeh.
     1 | D        | Found a blossoming altar of Fedhas.
     1 | D        | Found the +6 Majin-Bo {spellvamp, MP+6 Int+6}
     1 | D        | Found the +27 heavy crossbow "Sniper" {heavy, Acc+∞ SInv}
     1 | D        | Found the +10 dark maul {heavy}
     1 | D        | Found the +15 Maxwell's patent armour {-Cast -Tele rElec
                  | Will+ rCorr}
     1 | D        | Found the +18 shield of the Gong {Loud rN+ Will+ rCorr
                  | EV-5}
     1 | D        | Found the +16 obsidian axe {drain, demonic, Mesm Drain Fly
                  | SInv}
     1 | D        | Found the +7 great mace "Firestarter" {flame, immolate,
                  | rFlCloud rF++}
     1 | D        | Found the +6 shillelagh "Devastator" {shatter}
     1 | D        | Found the +11 plutonium sword {Contam Stlth-}
     1 | D        | Found the +8 lance "Wyrmbane" {slay drac, rPois rF+ rC+
                  | AC+3}
     1 | D        | Found the +9 sword of Zonguldrok {reap}
     1 | D        | Found the +13 scythe of Curses {drain, curses, Drain}
     1 | D        | Found the +9 sword of Power {lifebolt}
     1 | D        | Found the +7 mace of Variability {chaos, chaos arc}
     1 | D        | Found the +11 Singing Sword {sonic wave}
     1 | D        | Found the +8 storm bow {elec, penet}
     3 | D        | Found a transporter.
     3 | D        | Found an ancient bone altar of Kikubaaqudgha.
     3 | D        | Found a viscous altar of Jiyva.
     3 | D        | Found a corrupted altar of Lugonu.
     3 | D        | Found a hazy altar of Hepliaklqana.
     3 | D        | Found a burning altar of Makhleb.
     3 | D        | Found an opulent altar of Gozag.
    83 | D        | Reached skill level 5 in Fighting
    83 | D        | Reached skill level 6 in Axes
    83 | D        | Reached skill level 5 in Armour
    83 | D        | Reached skill level 5 in Shields
    83 | D        | Reached XP level 2. HP: 29/29 MP: 1/1
   111 | D        | Became a worshipper of Cheibriados the Contemplative
   130 | D        | Entered arena 2.
   130 | D        | Noticed an ogre
   130 | D        | Noticed a two-headed ogre
   130 | D        | Found a transporter.
   133 | D        | Killed an ogre
   134 | D        | Reached XP level 3. HP: 12/38 MP: 1/3
   134 | D        | Reached XP level 4. HP: 14/45 MP: 1/4
   134 | D        | HP: 1/67 [two-headed ogre/+0 giant club (13)]
   135 | D        | Killed a two-headed ogre
   136 | D        | Reached skill level 10 in Axes
   136 | D        | Reached skill level 5 in Invocations
   136 | D        | Reached XP level 5. HP: 2/58 MP: 1/8
   136 | D        | Reached XP level 6. HP: 2/66 MP: 1/9
   136 | D        | Reached XP level 7. HP: 3/71 MP: 1/10
   360 | D        | Entered arena 3.
   360 | D        | Found the dreamshard necklace {Acrobat *Dream}
   360 | D        | Noticed a fire elemental
   360 | D        | Found a transporter.
   368 | D        | Killed a fire elemental
   368 | D        | Reached * piety under Cheibriados
   369 | D        | Reached skill level 10 in Fighting
   369 | D        | Reached skill level 10 in Armour
   525 | D        | Entered arena 4.
   525 | D        | Found the +5 scythe "Finisher" {speed, execute}
   525 | D        | Found a transporter.
   526 | D        | Reached ** piety under Cheibriados
   529 | D        | Reached *** piety under Cheibriados
   530 | D        | Reached skill level 11 in Axes
   662 | D        | Entered arena 5.
   662 | D        | Noticed a draconian
   662 | D        | Noticed a red draconian
   662 | D        | Noticed a draconian
   662 | D        | Noticed a draconian
   662 | D        | Found a transporter.
   664 | D        | Killed a draconian
   665 | D        | Reached skill level 10 in Shields
   665 | D        | Reached XP level 8. HP: 81/81 MP: 10/12
   668 | D        | Killed a draconian
   668 | D        | Reached **** piety under Cheibriados
   669 | D        | Reached skill level 12 in Axes
   670 | D        | Killed a red draconian
   671 | D        | Reached skill level 13 in Axes
   671 | D        | Reached XP level 9. HP: 85/90 MP: 10/14
   673 | D        | Killed a draconian
   674 | D        | Reached skill level 14 in Axes
   798 | D        | Entered arena 6.
   798 | D        | Found a transporter.
   801 | D        | Reached ***** piety under Cheibriados
   815 | D        | Entered arena 7.
   815 | D        | Noticed a spriggan rider
   816 | D        | Found a transporter.
   818 | D        | Reached ****** piety under Cheibriados
   819 | D        | Reached skill level 15 in Axes
   823 | D        | Reached XP level 10. HP: 99/99 MP: 15/15
   867 | D        | Entered arena 8.
   867 | D        | Noticed a thrashing horror
   867 | D        | Noticed a wretched star
   868 | D        | Found a transporter.
   870 | D        | Killed a thrashing horror
   871 | D        | Reached skill level 16 in Axes
   880 | D        | Killed a wretched star
  1252 | D        | Entered arena 9.
  1253 | D        | Found a transporter.
  1257 | D        | Reached skill level 17 in Axes
  1277 | D        | Got Sif Muna's Verses on Viperous Sidekicks
  1407 | D        | Entered arena 10.
  1408 | D        | Found a transporter.
  1417 | D        | Reached skill level 10 in Invocations
  1420 | D        | Reached skill level 18 in Axes
  1426 | D        | Got the ring of Jem Xeoc {*Slow Fly MP+9 Dex+2}
  1885 | D        | Entered arena 11.
  1885 | D        | Noticed a cyclops
  1886 | D        | Found a transporter.
  1899 | D        | Killed a cyclops
  1900 | D        | Reached skill level 19 in Axes
  1900 | D        | Reached XP level 11. HP: 46/107 MP: 17/17
  2279 | D        | Entered arena 12.
  2279 | D        | Noticed a stone giant
  2279 | D        | Noticed a stone giant
  2279 | D        | Noticed a vault guard
  2279 | D        | Noticed a vault guard
  2279 | D        | Noticed a vault guard
  2280 | D        | Noticed a vault guard
  2280 | D        | Noticed a vault guard
  2280 | D        | Identified the ring "Uvvejuf" {rCorr Int+2}
  2280 | D        | Noticed a vault guard
  2280 | D        | Noticed a vault guard
  2281 | D        | Found a transporter.
  2285 | D        | Killed a vault guard
  2286 | D        | Killed a stone giant
  2287 | D        | Reached skill level 1 in Stealth
  2288 | D        | Killed a vault guard
  2289 | D        | Reached skill level 20 in Axes
  2291 | D        | Killed a stone giant
  2291 | D        | Killed a vault guard
  2292 | D        | Killed a vault guard
  2293 | D        | Killed a vault guard
  2294 | D        | Reached skill level 21 in Axes
  2294 | D        | Killed a vault guard
  2294 | D        | Killed a vault guard
  2295 | D        | Reached skill level 15 in Fighting
  2295 | D        | Reached skill level 15 in Armour
  2313 | D        | Got the Discourse on the Body
  2513 | D        | Entered arena 13.
  2513 | D        | Noticed a stone giant
  2513 | D        | Noticed a yaktaur captain
  2513 | D        | Noticed a stone giant
  2513 | D        | Noticed a stone giant
  2514 | D        | Noticed a yaktaur captain
  2515 | D        | Found a transporter.
  2519 | D        | Reached skill level 1 in Dodging
  2519 | D        | Reached skill level 15 in Shields
  2519 | D        | Mangled by a stone giant

Illustrated notes

Levels and vault maps discovered:
D:        sprint_v [room_start, room_1, room_2, room_3, room_4, room_5, room_6,
          room_7, room_8, room_9, room_10, room_11, room_12, room_13, room_14,
          room_15, room_16, room_17, room_18, room_19, room_20, room_21,
          room_22, room_23, room_24, room_25, room_26, room_27]

Skill      XL: |  1  2  3  4  5  6  7  8  9 10 11 |
---------------+----------------------------------+-----
Fighting       | 5 6 9 10 11 12 13 15 | 15.1
Axes           | 6 10 11 13 15 19 21 | 21.6
Armour         | 5 6 9 10 12 14 15 | 15.1
Shields        | 5 6 9 10 11 12 13 15 | 15.0
Invocations    | 2 5 7 8 9 10 12 | 12.1
Stealth        | 1 |  1.4
Dodging        | 1 |  1.6

Action                     |  1- 3 |  4- 6 |  7- 9 | 10-12 || total
---------------------------+-------+-------+-------+-------++-------
  Melee: Broad axe         |     2 |     2 |    24 |    46 ||    74
         Headbutt          |     1 |       |     2 |     6 ||     9
    Use: Potion            |     2 |       |     2 |     2 ||     6
         Scroll            |       |       |       |     1 ||     1
   Stab: Distracted        |       |       |       |     1 ||     1
 Armour: Plate armour      |     1 |       |    11 |       ||    12
         Gold dragon scale |       |       |     7 |    48 ||    55
  Dodge: Dodged            |       |       |    10 |    43 ||    53
  Block: Buckler           |     2 |     1 |     2 |       ||     5
         Kite shield       |       |       |    10 |    86 ||    96

Table legend: (Time is in decaauts)
 A = Elapsed time spent in this place.
 B = Non-inter-level travel time spent in this place.
 C = Inter-level travel time spent in this place.
 D = Time resting spent in this place.
 E = Time spent auto-exploring this place.
 F = Levels seen in this place.
 G = Mean time per level.
                   A        B        C        D        E       F      G
               +--------+--------+--------+--------+--------+-----+--------+
         Total |   2765 |   2765 |      0 |   1954 |      0 |   1 | 2765.0 |
       Dungeon |   2765 |   2765 |      0 |   1954 |      0 |   1 | 2765.0 |
               +--------+--------+--------+--------+--------+-----+--------+

Top non-repeatable levels by time:
       D: 2765 daAuts
